 Dungeon Crawl Stone Soup version 0.29.1-15-g9cfb28693d (webtiles) character file.

Game seed: 11691114655578185099

17784 issech the Basher (level 12, -3/97 HPs)
             Began as a Minotaur Monk on Feb 28, 2023.
             Was a Believer of Hepliaklqana.
             Slain by an orc warlord
             ... wielding a +1 great sword of freezing
              (9 damage)
             ... on level 2 of the Orcish Mines on Mar 1, 2023.
             The game lasted 01:03:14 (11433 turns).

issech the Basher (Minotaur Monk)                  Turns: 11433, Time: 01:03:14

Health: -3/97      AC: 20    Str: 22    XL:     12   Next: 21%
Magic:  11/11      EV:  8    Int:  7    God:    Hepliaklqana [**....]
Gold:   975        SH: 12    Dex: 20    Spells: 11/11 levels left

rFire   . . .      SeeInvis .   i - +7 demon whip of Kismet {vamp, rCorr Str+3}
rCold   . . .      Faith    .   M - +0 kite shield
rNeg    . . .      Spirit   .   T - +1 plate armour of the Lotus Blossom {rCorr Dex+5}
rPois   .          Reflect  .   (helmet restricted)
rElec   .          Harm     .   x - +0 cloak
rCorr   +          Rampage  .   y - +0 pair of gloves
Will    +....                   a - +0 pair of boots
Stlth   ..........              J - amulet of the acrobat
HPRegen 0.26/turn               L - +4 ring of slaying
MPRegen 0.12/turn               A - ring of willpower

@: no status effects
A: reduced essence, horns 2, retaliatory headbutt
a: Renounce Religion, Recall Ancestor, Ancestor Identity


You were on level 2 of the Orcish Mines.
You worshipped Hepliaklqana.
Hepliaklqana was pleased with you.
You visited 4 branches of the dungeon, and saw 14 of its levels.

You collected 1031 gold pieces.
You spent 56 gold pieces at shops.

Inventory:

Hand Weapons
 i - the +7 demon whip of Kismet (weapon) {vamp, rCorr Str+3}
   (You acquired it on level 3 of the Dungeon)

   It occasionally heals its wielder for a portion of the damage dealt when it
   wounds a living foe.
   Str:       It affects your strength (+3).
   rCorr:     It protects you from acid and corrosion.
 r - the +11 sling "Demonslayer" {freeze, Fly rC+ Will-}
   (You found it on level 2 of the Dungeon)

   Any ammunition fired from it freezes those it strikes, dealing additional
   cold damage.
   It can also slow down cold-blooded creatures.
   rC:        It protects you from cold.
   Fly:       It grants you flight.
   Will:      It decreases your willpower.
 V - a +3 morningstar
 Z - a +5 war axe
Missiles
 f - 99 stones
 h - 4 atropa-tipped darts
 k - 27 poisoned darts
 K - 3 throwing nets
 N - 17 boomerangs (quivered)
 R - 2 curare-tipped darts
Armour
 a - a +0 pair of boots (worn)
 x - a +0 cloak (worn)
 y - a +0 pair of gloves (worn)
 M - a +0 kite shield (worn)
 T - the +1 plate armour of the Lotus Blossom (worn) {rCorr Dex+5}
   (You found it on level 6 of the Dungeon)

   Dex:       It affects your dexterity (+5).
   rCorr:     It protects you from acid and corrosion.
Jewellery
 p - a ring of poison resistance
 A - a ring of willpower (right hand)
 G - a ring of flight
 J - an amulet of the acrobat (around neck)
 L - a +4 ring of slaying (left hand)
 Q - an amulet of reflection
 U - the ring of the Philosopher {Int+2 Dex+6}
   (You found it on level 6 of the Dungeon)

   [ring of dexterity]

   Int:       It affects your intelligence (+2).
   Dex:       It affects your dexterity (+6).
Wands
 C - a wand of quicksilver (12)
 S - a wand of paralysis (12)
Scrolls
 e - 2 scrolls of summoning
 l - 3 scrolls of fear
 n - a scroll of blinking
 v - a scroll of teleportation
 E - a scroll of brand weapon
 O - a scroll of identify
Potions
 b - 2 potions of flight {unknown}
 c - 2 potions of ambrosia
 d - 2 potions of attraction {unknown}
 g - 6 potions of curing {unknown}
 j - a potion of brilliance {unknown}
 m - 2 potions of degeneration {unknown}
 o - 2 potions of heal wounds {unknown}
 t - 2 potions of lignification {unknown}
 u - 2 potions of berserk rage {unknown}
 w - 2 potions of might
 z - a potion of mutation {unknown}
 D - a potion of haste {unknown}


   Skills:
 + Level 10.7 Fighting
 + Level 2.8(9.1) Axes
 + Level 13.3(13.4) Maces & Flails
 + Level 6.7 Ranged Weapons
 + Level 3.1 Throwing
 + Level 11.3 Armour
 + Level 4.9 Dodging
 + Level 3.6 Stealth
 + Level 8.6 Shields


You had 11 spell levels left.
You didn't know any spells.
Your spell library contained the following spells:

 Spells                   Type           Power      Damage    Failure   Level
 Magic Dart               Conj           0%         1d3       100%        1
 Sandblast                Erth           0%         2d4       100%        1
 Blink                    Tloc           0%         N/A       100%        2
 Ensorcelled Hibernation  Hex/Ice        0%         N/A       100%        2
 Passwall                 Tmut/Erth      0%         N/A       100%        2
 Searing Ray              Conj           0%         2d4       100%        2
 Stone Arrow              Conj/Erth      0%         3d7       100%        3
 Swiftness                Air            0%         N/A       100%        3
 Cause Fear               Hex            0%         N/A       100%        4
 Fulminant Prism          Conj/Hex       0%         3d6       100%        4
 Olgreb's Toxic Radiance  Pois           0%         N/A       100%        4
 Summon Lightning Spire   Summ/Air       0%         N/A       100%        4
 Manifold Assault         Tloc           0%         N/A       100%        5
 Dragon Form              Tmut           0%         N/A       100%        7
 Ozocubu's Refrigeration  Ice            0%         4d7       100%        7
 Storm Form               Tmut/Air       0%         N/A       100%        7
 Ignition                 Fire           0%         3d3       100%        8
 Maxwell's Capacitive Co  Air            0%         ∞         100%        8
 Dragon's Call            Summ           0%         N/A       100%        9


Dungeon Overview and Level Annotations

Branches:
Dungeon (10/15)            Temple (1/1) D:5            Lair (1/5) D:9
    Orc (2/2) D:9             Elf (0/3) Orc:2

Altars:
Ashenzari
Cheibriados
Dithmenos
Elyvilon
Fedhas
Gozag
Hepliaklqana
Kikubaaqudgha
Makhleb
Nemelex Xobeh
Okawaru
Qazlal
Ru
Sif Muna
Trog
Uskayaw
Vehumet
Wu Jian
Xom
Yredelemnul
Zin
The Shining One

Shops:
D:9 *   Orc:1 =   Orc:2 (?:*=


Innate Abilities, Weirdness & Mutations

Your life essence is reduced to manifest your ancestor. (-10% HP)
You have a pair of horns on your head.
You reflexively headbutt those who attack you in melee.


Message History

a +0 scimitar; a +0 plate armour of poison resistance You thrash the orc wizard!!
You kill the orc wizard!
Nenetl gestures at the orc warlord while chanting.
The puff of frost hits the orc warlord.
The orc priest hits Nenetl but does no damage.
The orc warlord unwields a +0 arbalest.
The orc warlord wields a +1 great sword of freezing.
It glows with a cold blue light!
The orc warlord completely misses you. You furiously retaliate!
You headbutt the orc warlord.
Nenetl casts a spell at the orc warlord.
The stone arrow misses the orc warlord.
There is a stone staircase leading up here.
You completely miss the orc warlord.
The orc warlord is lightly wounded.
The orc priest hits Nenetl with a +0 club.
The orc warlord hits you with a +1 great sword of freezing!
The orc warlord freezes you.
Unknown command.
You closely miss the orc warlord. Your headbutt misses the orc warlord.
The orc warlord is lightly wounded.
Nenetl hits the orc priest with a +0 quarterstaff!
The orc priest closely misses Nenetl.
Unknown command.
You whack the orc warlord!
You feel better.
The orc warlord is lightly wounded.
The orc warlord hits you with a +1 great sword of freezing.
* * * LOW HITPOINT WARNING * * *
The orc warlord freezes you.
* * * LOW HITPOINT WARNING * * *
Unknown command.
You barely miss the orc warlord.
The orc warlord is lightly wounded.
Nenetl points at the orc priest and mumbles some strange words.
The puff of frost hits the orc priest!
The orc priest dies!
The orc warlord hits you with a +1 great sword of freezing!!
* * * LOW HITPOINT WARNING * * *
The orc warlord freezes you!
You die...

#....##........##......#.....
##...#..........#......#.....
#.....#.......>....#...#....#
##..#..###.##...........#..#..
#..........................##.
###..#.......#..............#..
##.#...........#.#...........##.
#.............##)#........#..#..
##...........#)@R)........#....#
#.............))o.).......#.....
##..............##...##...#.....
#...............#.....#...#.....
##........................##....
##................∩.).<...##...
##....................[...####
##..........)[)#.....#.........
##...........)[.##...##.........


You could see the friendly Nenetl the battlemage and an orc warlord.

Vanquished Creatures
  A boulder beetle (D:6)
  Erica (D:8)
  A two-headed ogre (Orc:2)
  3 orc high priests (Orc:2)
  An orc sorcerer (Orc:2)
  Maurice (D:9)
  Psyche (D:9)
  The ghost of Ast3rio the Chopper, an amateur MiBe of Trog (D:5)
  A troll (D:9)
  2 blink frogs (Lair:1)
  Sigmund (D:3)
  3 wyverns
  A wraith (D:9)
  10 yaks
  A basilisk (D:6)
  An unseen horror simulacrum (D:9)
  A steam dragon (D:8)
  A warg (Orc:2)
  2 acid dragons
  6 black bears
  A sky beast (D:6)
  3 ice beasts
  11 orc warriors
  9 ogres
  4 kobold brigands
  3 phantoms
  2 necrophages
  3 gnoll sergeants
  2 bullfrogs
  5 wights (D:9)
  7 scorpions
  10 killer bees
  An electric eel (D:9)
  4 howler monkeys
  7 hounds
  A gnoll bouda (D:5)
  3 jellies
  17 orc priests
  5 iguanas
  16 orc wizards
  A killer bee simulacrum (D:9)
  12 gnolls
  4 adders
  3 shadow imps
  2 white imps
  3 ufetubi
  4 worms
  3 dart slugs
  42 orcs
  8 ball pythons
  2 bats (D:2)
  5 endoplasms
  5 giant cockroaches
  4 goblins
  7 hobgoblins
  7 jackals
  A quokka (D:1)
  4 frilled lizards
  16 kobolds
  2 rats (D:2)
289 creatures vanquished.

Vanquished Creatures (collateral kills)
  A catoblepas (Lair:1)
  An orc high priest (Orc:2)
  The ghost of SmashMania the Magician, a novice DjFE (D:6)
  A blink frog (Lair:1)
  A yak (Lair:1)
  A warg (Orc:2)
  6 orc warriors
  2 ogres
  A scorpion (D:6)
  11 orc priests (Orc:2)
  3 orc wizards (Orc:2)
  2 gnolls (D:9)
  8 orcs
39 creatures vanquished.

Vanquished Creatures (others)
  A battlemage (Orc:2)
  34 fungi
  29 plants
64 creatures vanquished.

Grand Total: 392 creatures vanquished

Notes
Turn   | Place    | Note
-------+----------+-------------------------------------------
     0 | D:1      | issech the Minotaur Monk began the quest for the Orb.
     0 | D:1      | Reached XP level 1. HP: 19/19 MP: 0/0
   147 | D:1      | Reached XP level 2. HP: 12/27 MP: 1/1
   631 | D:1      | Reached skill level 4 in Maces & Flails
   780 | D:1      | Reached skill level 1 in Armour
   861 | D:1      | You fall into a shaft and drop 1 floor!
   892 | D:2      | Reached XP level 3. HP: 32/33 MP: 2/2
  1184 | D:2      | Identified the +11 sling "Demonslayer" {freeze, Fly rC+
                  | Will-}
  1603 | D:2      | Reached XP level 4. HP: 8/40 MP: 3/3
  2107 | D:3      | Noticed a scorpion
  2110 | D:3      | Killed a scorpion
  2111 | D:3      | Reached skill level 1 in Ranged Weapons
  2176 | D:3      | Reached XP level 5. HP: 46/46 MP: 4/4
  2252 | D:3      | Identified a scroll of acquirement
  2255 | D:3      | Acquired the +7 demon whip of Kismet {vamp, rCorr Str+3}
  2304 | D:3      | Found a faded altar of an unknown god.
  2344 | D:3      | Reached skill level 5 in Maces & Flails
  2546 | D:3      | Noticed Sigmund
  2550 | D:3      | Killed Sigmund
  2551 | D:3      | Reached XP level 6. HP: 53/53 MP: 5/5
  3617 | D:5      | Entered Level 5 of the Dungeon
  3674 | D:5      | Reached skill level 5 in Ranged Weapons
  3674 | D:5      | Reached XP level 7. HP: 51/60 MP: 6/6
  3743 | D:5      | Reached skill level 5 in Fighting
  3756 | D:5      | Identified the +1 robe "Afiag Pom" {rF+}
  3820 | D:5      | Found a runed translucent door.
  3820 | D:5      | Noticed Ast3rio's ghost (amateur MiBe)
  3866 | D:5      | Reached skill level 6 in Maces & Flails
  3870 | D:5      | Reached XP level 8. HP: 69/69 MP: 7/7
  4396 | D:5      | Reached skill level 5 in Armour
  4550 | D:5      | Found a staircase to the Ecumenical Temple.
  4559 | Temple   | Entered the Ecumenical Temple
  5163 | D:5      | Reached skill level 7 in Maces & Flails
  5249 | D:6      | Found a burning altar of Makhleb.
  5468 | D:6      | Found a runed translucent gate.
  5468 | D:6      | Found a runed translucent gate.
  5468 | D:6      | Found a runed translucent gate.
  5469 | D:6      | Noticed a boulder beetle
  5472 | D:6      | Noticed SmashMania's ghost (novice DjFE)
  5498 | D:6      | Reached XP level 9. HP: 78/78 MP: 8/8
  5502 | D:6      | Reached skill level 8 in Maces & Flails
  5505 | D:6      | Reached skill level 1 in Throwing
  5530 | D:6      | Reached skill level 1 in Shields
  5603 | D:6      | Found a large runed translucent door.
  5603 | D:6      | Found a large runed translucent door.
  5604 | D:6      | Found a large runed translucent door.
  5604 | D:6      | Found a large runed translucent door.
  5692 | D:6      | Reached skill level 9 in Maces & Flails
  5709 | D:6      | Identified the +1 plate armour of the Lotus Blossom {rCorr
                  | Dex+5}
  5786 | D:6      | Reached skill level 10 in Maces & Flails
  5787 | D:6      | Identified the ring of the Philosopher {Int+2 Dex+6}
  6226 | D:5      | Killed Ast3rio's ghost
  6285 | D:7      | Reached XP level 10. HP: 63/88 MP: 9/9
  7204 | D:8      | Noticed Erica
  7519 | D:7      | Reached skill level 11 in Maces & Flails
  7616 | D:8      | Killed Erica
  8174 | D:9      | Found Nytt's Assorted Antiques.
  8175 | D:9      | Noticed Maurice
  8515 | D:8      | Reached skill level 5 in Shields
  8532 | D:9      | Reached skill level 10 in Armour
  8578 | D:9      | Killed Maurice
  8874 | D:9      | Reached XP level 11. HP: 97/97 MP: 10/10
  8878 | D:9      | Identified the +4 leather armour of the Lost Path {rN+}
  9047 | D:9      | Found a staircase to the Lair.
  9228 | D:9      | Noticed Psyche
  9236 | D:9      | Killed Psyche
  9237 | D:9      | Reached skill level 12 in Maces & Flails
  9471 | D:9      | Found a hazy altar of Hepliaklqana.
  9477 | D:9      | Became a worshipper of Hepliaklqana the Forgotten
  9477 | D:9      | Reached * piety under Hepliaklqana
  9477 | D:9      | Reached ** piety under Hepliaklqana
  9478 | D:9      | Remembered your ancestor Nenetl as a battlemage
  9596 | D:9      | Found a staircase to the Orcish Mines.
 10031 | D:6      | Killed a boulder beetle
 10038 | D:6      | Killed SmashMania's ghost
 10039 | D:6      | Reached skill level 1 in Axes
 10150 | D:10     | Entered Level 10 of the Dungeon
 10197 | Lair:1   | Entered Level 1 of the Lair of Beasts
 10200 | Lair:1   | Noticed a catoblepas
 10215 | Lair:1   | Killed a catoblepas
 10216 | Lair:1   | Reached skill level 10 in Fighting
 10277 | Orc:1    | Entered Level 1 of the Orcish Mines
 10350 | Orc:2    | Entered Level 2 of the Orcish Mines
 10354 | Orc:2    | Noticed a two-headed ogre
 10365 | Orc:2    | Killed a two-headed ogre
 10426 | Orc:2    | Found Ubag's Weapon Shop.
 10599 | Orc:1    | Noticed an orc sorcerer
 10599 | Orc:1    | Found Unaety's Jewellery Boutique.
 10615 | Orc:2    | Found a staircase to the Elven Halls.
 10622 | Orc:1    | Noticed an orc warlord
 10622 | Orc:1    | Noticed an orc sorcerer
 10765 | Orc:2    | Noticed an orc high priest
 10767 | Orc:2    | Noticed an orc high priest
 10771 | Orc:2    | Noticed a sixfirhy
 10784 | Orc:2    | Noticed an orc high priest
 10787 | Orc:2    | Noticed a sun demon
 10787 | Orc:2    | Killed an orc high priest
 10790 | Orc:2    | Reached skill level 13 in Maces & Flails
 10793 | Orc:2    | Reached XP level 12. HP: 41/96 MP: 11/11
 10797 | Orc:2    | Killed an orc high priest
 10797 | Orc:2    | Noticed an orc high priest
 10799 | Orc:2    | Killed an orc high priest
 10805 | Orc:2    | Killed an orc high priest
 11071 | Orc:2    | Found Temen's Jewellery Shoppe.
 11071 | Orc:2    | Found Weirod's Assorted Antiques.
 11077 | Orc:2    | Found Jenk's Book Emporium.
 11077 | Orc:2    | Found Uwepysuu's Magic Scroll Emporium.
 11125 | Orc:2    | Bought a scroll of identify for 28 gold pieces
 11125 | Orc:2    | Bought a scroll of identify for 28 gold pieces
 11433 | Orc:2    | Slain by an orc warlord

Illustrated notes

Levels and vault maps discovered:
D:1:      minmay_arrival_four_circles, layout_basic
D:2:      layout_loops_ring, serial_aquarium, aquarium_bridge_straight
          [aquarium_subvault_bridge, aquarium_subvault_wall,
          aquarium_subvault_bridge, aquarium_subvault_balcony],
          aquarium_window_fake, aquarium_window_1, aquarium_view_2f,
          aquarium_pool_2, minmay_guardbox
D:3:      layout_loops_corners, dreamdust_ecumenical_altar_grove,
          kennysheep_generic_room_10, uniq_sigmund
D:4:      layout_loops_ring, dreamdust_mushroom_princess, serial_bayou_ford_a
D:5:      layout_basic, minmay_temple_entry_large_hall, gammafunk_ghost_grave,
          hangedman_decor_slide_cut
D:6:      layout_rooms, bloody_makhleb, gammafunk_ghost_split,
          minmay_hollow_rounded_squares
D:7:      layout_basic
D:8:      layout_rooms, uniq_erica
D:9:      layout_rooms, nicolae_hepliaklqana_hippocampus,
          grunt_lair_entry_orc_guard_hut,
          kennysheep_orc_monster_closet_entryway, serial_shops,
          nicolae_stop_n_shop_2, serial_ice, serial_ice_c, serial_ice_k,
          serial_ice_e, serial_ice_g, minmay_misc_feat_cross, uniq_psyche,
          uniq_maurice
D:10:     layout_rooms
Temple:   nicolae_temple_bog_church
Lair:1:   layout_cave_shapes, serial_bayou_shore_b, grunt_megastairs_1
Orc:1:    layout_caves, serial_shops, shop_statue, nicolae_orc_tapped_out
Orc:2:    st_orc_mages, layout_caves, serial_shops,
          nicolae_shop_bloodbath_and_beyond, basic_altar

Skill      XL: |  1  2  3  4  5  6  7  8  9 10 11 |
---------------+----------------------------------+-----
Maces & Flails | 4 5 6 7 10 11 13 | 13.3
Armour         | 1 2 3 6 8 10 11 | 11.3
Fighting       | 4 5 6 7 9 10 | 10.7
Ranged Weapons | 1 3 5 6 |  6.7
Dodging        | 4 |  4.9
Stealth        | 2 3 |  3.6
Throwing       | 1 3 |  3.1
Shields        | 3 5 8 |  8.6
Axes           | 2 |  2.8

Action                   |  1- 3 |  4- 6 |  7- 9 | 10-12 || total
-------------------------+-------+-------+-------+-------++-------
Melee: Mace              |    21 |       |       |       ||    21
       Headbutt          |     9 |     2 |    28 |    89 ||   128
       Flail             |    47 |     4 |       |       ||    51
       Demon whip        |       |     5 |   166 |   307 ||   478
       Punch             |       |       |     1 |       ||     1
       War axe           |       |       |       |    47 ||    47
 Fire: Sling             |    15 |    74 |     6 |     7 ||   102
Throw: Stone             |       |       |     1 |       ||     1
       Boomerang         |       |       |       |     6 ||     6
Invok: Ancestor Life: Ba |       |       |       |     1 ||     1
  Use: Scroll            |       |     5 |     1 |     4 ||    10
 Stab: Distracted        |       |       |       |     3 ||     3
       Petrified         |       |       |       |     1 ||     1
Armor: Ring mail         |    11 |       |       |       ||    11
       Scale mail        |    13 |     7 |    24 |       ||    44
       Chain mail        |       |       |    12 |       ||    12
       Plate armour      |       |       |     5 |   118 ||   123
Dodge: Dodged            |    44 |    16 |    83 |   136 ||   279
Block: Kite shield       |       |       |    24 |   166 ||   190
